 Dungeon Crawl Stone Soup version 0.28-a0-1412-gf95308ed99 (webtiles) character file.

Game seed: 17339261453006601016

639 Lekart the Chopper (level 7, 0/60 HPs)
             Began as a Black Draconian Fighter on Jan 7, 2022.
             Slain by a gnoll (3 damage)
             ... on level 4 of the Dungeon.
             The game lasted 00:06:30 (3477 turns).

Lekart the Chopper (Black Draconian Fighter)        Turns: 3477, Time: 00:06:31

Health: 0/60       AC: 10    Str: 18    XL:     7   Next: 25%
Magic:  7/7        EV: 12    Int:  9    God:
Gold:   238        SH:  5    Dex: 12    Spells: 6/6 levels left

rFire   . . .      SeeInvis .   a - +0 war axe
rCold   . . .      Faith    .   b - +0 buckler
rNeg    . . .      Spirit   .   (armour unavailable)
rPois   .          Reflect  .   (helmet restricted)
rElec   +          Harm     .   (no cloak)
rCorr   .          Rampage  .   (no gloves)
Will    .....                   (no boots)
Stlth   ++........              (no amulet)
HPRegen 0.20/turn               p - +4 ring of protection
MPRegen 0.10/turn               (no ring)

@: no status effects
A: breathe lightning, AC +6, unfitting armour, electricity resistance,
cold-blooded
a: Breathe Lightning


You were on level 4 of the Dungeon.
You visited 1 branch of the dungeon, and saw 4 of its levels.

You collected 238 gold pieces.

Inventory:

Hand Weapons
 a - a +0 war axe (weapon)
Missiles
 u - 10 poisoned darts (quivered)
Armour
 b - a +0 buckler (worn)
Jewellery
 p - a +4 ring of protection (left hand)
 q - a ring of see invisible
 y - a +6 ring of dexterity
Scrolls
 d - 2 scrolls of fog
 e - a scroll of summoning {unknown}
 g - 3 scrolls of identify {unknown}
 h - 2 scrolls of fear {unknown}
 l - a scroll of holy word {unknown}
 n - a scroll of vulnerability {unknown}
 s - a scroll of enchant weapon {unknown}
 w - 2 scrolls of teleportation {unknown}
 x - 2 scrolls of amnesia {unknown}
Potions
 f - 3 potions of attraction {unknown}
 i - a potion of degeneration {unknown}
 j - 2 potions of mutation {unknown}
 k - a potion of haste {unknown}
 m - 2 potions of brilliance {unknown}
 o - 2 potions of ambrosia {unknown}
 r - a potion of magic {unknown}
 t - 2 potions of curing {unknown}
 v - 2 potions of lignification {unknown}


   Skills:
 + Level 4.4 Fighting
 + Level 5.4 Axes
 + Level 2.1 Throwing
 + Level 4.1 Dodging
 + Level 1.2 Stealth
 + Level 3.9 Shields


You had 6 spell levels left.
You didn't know any spells.
Your spell library contained the following spells:

 Spells                   Type           Power      Damage    Failure   Level
 Sting                    Tmut/Pois      0%         1d3       45%         1
 Poisonous Vapours        Pois/Air       0%         N/A       61%         2
 Portal Projectile        Hex/Tloc       0%         N/A       83%         3
 Olgreb's Toxic Radiance  Pois           0%         N/A       99%         4
 Passage of Golubria      Tloc           0%         N/A       99%         4
 Blade Hands              Tmut           0%         N/A       100%        5
 Excruciating Wounds      Necr           0%         N/A       100%        5
 Silence                  Hex/Air        0%         N/A       100%        5
 Lehudib's Crystal Spear  Conj/Erth      0%         10d2      100%        8


Dungeon Overview and Level Annotations

Branches:
Dungeon (4/15)
 Temple: D:4-7

Altars:
Trog

Shops:
D:2 *   D:4 *


Innate Abilities, Weirdness & Mutations

You can breathe wild blasts of lightning.
Your glossy black scales are hard. (AC +6)
You cannot fit into any form of body armour.
You are resistant to electric shocks. (rElec)
You are cold-blooded and may be slowed by cold attacks.


Message History

You barely miss the gnoll shaman. The gnoll hits you with a +0 whip!
The gnoll misses you. The gnoll closely misses you.
The gnoll shaman hits you with a +0 whip!
You slash the gnoll!
You kill the gnoll!
You hit the gnoll shaman. You block the gnoll's attack.
The gnoll shaman hits you but does no damage.
The gnoll hits you but does no damage.
The gnoll shaman hits you but does no damage.
You slash the gnoll shaman!
You kill the gnoll shaman!
You block the gnoll's attack. The gnoll hits you with a +0 spear.
You slash the gnoll!
The gnoll is severely wounded.
The gnoll hits you with a +0 spear.
You barely miss the gnoll. You tail-slap the gnoll.
You kill the gnoll!
You slash the gnoll!
The gnoll is severely wounded.
The gnoll closely misses you. x2
You slash the gnoll!
You kill the gnoll!
You block the gnoll's attack. The gnoll hits you with a +0 flail!
The gnoll closely misses you.
There is an open door, spattered with blood here.
Items here: )) ††.
You barely miss the gnoll. You hit the gnoll but do no damage.
The gnoll closely misses you. The gnoll hits you with a +0 flail!
* * * LOW HITPOINT WARNING * * *
The gnoll hits you with a +0 club.
* * * LOW HITPOINT WARNING * * *
The gnoll hits you with a +0 flail!
* * * LOW HITPOINT WARNING * * *
There are monsters nearby!
You closely miss the gnoll. You hit the gnoll.
The gnoll hits you with a +0 club.
* * * LOW HITPOINT WARNING * * *
The gnoll hits you but does no damage. The gnoll hits you with a +0 club.
You die...

##############'#######
#.....................
#.....................
#.....................
#.....................
#......(..............
#.....)...............
#....g.)..............
#####@####......#+####
#....g..#......#.§.§§
#.......#......+.§.§§
#.......#......#.§)§.
#.....###......##'###
#######............##
#............#.
#......<)....#.
#............#.


You could see 2 gnolls.

Vanquished Creatures
  A black bear (D:4)
  2 ogres
  2 orc priests (D:4)
  A gnoll shaman (D:4)
  Natasha (twice) (D:3)
  An orc wizard (D:4)
  4 gnolls
  6 adders
  An adder skeleton (D:2)
  2 worms
  3 dart slugs (D:1)
  9 orcs
  5 endoplasms
  3 giant cockroaches
  14 goblins
  10 hobgoblins
  A jackal (D:2)
  7 quokkas
  5 ball pythons
  5 bats
  5 frilled lizards
  9 kobolds
  8 rats
106 creatures vanquished.

Notes
Turn   | Place    | Note
-------+----------+-------------------------------------------
     0 | D:1      | Lekart the Draconian Fighter began the quest for the Orb.
     0 | D:1      | Reached XP level 1. HP: 19/19 MP: 1/1
   111 | D:1      | Reached XP level 2. HP: 26/26 MP: 2/2
   203 | D:1      | Reached skill level 1 in Throwing
   203 | D:1      | Reached XP level 3. HP: 28/31 MP: 3/3
  1080 | D:2      | Reached XP level 4. HP: 38/38 MP: 4/4
  1171 | D:2      | Found a faded altar of an unknown god.
  1773 | D:2      | Found Urexaf's Assorted Antiques.
  1861 | D:3      | Reached skill level 3 in Axes
  1929 | D:3      | Noticed Natasha
  1934 | D:3      | Killed Natasha
  1935 | D:3      | Reached XP level 5. HP: 40/46 MP: 5/5
  2130 | D:3      | Noticed Natasha
  2139 | D:3      | Killed Natasha
  2196 | D:3      | Noticed an ogre
  2207 | D:3      | Killed an ogre
  2208 | D:3      | Reached skill level 4 in Axes
  2208 | D:3      | Reached skill level 1 in Stealth
  2208 | D:3      | Reached XP level 6. HP: 34/52 MP: 6/6
  2484 | D:4      | Found Keddas's Overcharged Wands.
  2899 | D:4      | Found a bloodstained altar of Trog.
  3079 | D:4      | Reached skill level 5 in Axes
  3327 | D:4      | Your scales start taking on a glossy black colour.
  3327 | D:4      | Reached XP level 7. HP: 37/59 MP: 7/7
  3327 | D:4      | Gained mutation: You are resistant to electric shocks.
                  | (rElec) [Black Draconian growth]
  3477 | D:4      | HP: 3/60 [gnoll (3)]
  3477 | D:4      | Slain by a gnoll

Illustrated notes

Levels and vault maps discovered:
D:1:      minmay_arrival_plants_in_alcoves, layout_basic, minmay_pentomino_q4
D:2:      cheibrodos_greedy_goblins, layout_loops_ring, serial_shops, shop,
          chequers_ecumenical_altar_simple, minmay_joined_circles
D:3:      layout_rooms, uniq_natasha
D:4:      black_bear_nest_2, layout_gridville, trog_three_pillars_becter,
          nicolae_shop_overcharged_wands

Skill      XL: |  1  2  3  4  5  6 |
---------------+-------------------+-----
Dodging        | 3 4 |  4.1
Throwing       | 1 2 |  2.1
Axes           | 3 4 5 |  5.4
Stealth        | 1 |  1.2
Fighting       | 4 |  4.4
Shields        | |  3.9

Action                   |  1- 3 |  4- 6 |  7- 9 || total
-------------------------+-------+-------+-------++-------
Melee: War axe           |    69 |   168 |    14 ||   251
       Tailslap          |     5 |    28 |     2 ||    35
Throw: Boomerang         |    46 |       |       ||    46
       Dart              |       |    11 |       ||    11
  Use: Scroll            |       |     1 |       ||     1
       Potion            |       |     1 |       ||     1
 Stab: Sleeping          |     2 |       |       ||     2
Armor: Skin              |    28 |    64 |    10 ||   102
Dodge: Dodged            |    41 |   125 |     8 ||   174
Block: Buckler           |    16 |    41 |     7 ||    64

Table legend: (Time is in decaauts)
 A = Elapsed time spent in this place.
 B = Non-inter-level travel time spent in this place.
 C = Inter-level travel time spent in this place.
 D = Time resting spent in this place.
 E = Time spent auto-exploring this place.
 F = Levels seen in this place.
 G = Mean time per level.
                   A        B        C        D        E       F      G
               +--------+--------+--------+--------+--------+-----+--------+
         Total |   3594 |   3516 |     78 |    246 |   2554 |   4 |  898.5 |
       Dungeon |   3594 |   3516 |     78 |    246 |   2554 |   4 |  898.5 |
               +--------+--------+--------+--------+--------+-----+--------+

Top non-repeatable levels by time:
     D:2: 1196 daAuts
     D:4: 1121 daAuts
     D:1: 727 daAuts
     D:3: 549 daAuts
